 Dungeon Crawl Stone Soup version 0.30.1-3-gfc49f6343a (webtiles) character file.

Game seed: 3561550761717058283

4117 CaptainMV the Sneak (level 10, 0/76 HPs)
             Began as a Demonspawn Wanderer on July 25, 2023.
             Was a Believer of Nemelex Xobeh.
             Slain by Peloso's ghost (17 damage)
             ... on level 7 of the Dungeon.
             The game lasted 00:54:04 (4923 turns).

CaptainMV the Sneak (Demonspawn Wanderer)           Turns: 4923, Time: 00:54:05

Health: 0/76       AC: 12    Str: 16    XL:     10   Next: 6%
Magic:  10/12      EV: 14    Int: 10    God:    Nemelex Xobeh [**....]
Gold:   420        SH:  4    Dex: 23    Spells: 11/12 levels left

rFire   . . .        a - +5 dagger (venom)
rCold   . . .        (no shield)
rNeg    . . .        r - +4 troll leather armour {Pargi}
rPois   .            (helmet restricted)
rElec   .            (no cloak)
rCorr   .            q - +0 pair of gloves
SInv    +            (no boots)
Will    .....        h - amulet of faith
Stlth   +++++        j - +6 ring of dexterity
HPRegen 1.12/turn    t - ring of see invisible
MPRegen 0.13/turn

%: faith
@: no status effects
A: antennae 1, thin metallic scales 2, spiny 2, condensation shield, camouflage
1
a: Renounce Religion, Draw Escape, Draw Destruction, Draw Summoning


You were on level 7 of the Dungeon.
You worshipped Nemelex Xobeh.
Nemelex Xobeh was pleased with you.
You visited 2 branches of the dungeon, and saw 8 of its levels.
You also visited: Sewer and Ossuary.

You collected 420 gold pieces.

Inventory:

Hand Weapons
 a - a +5 dagger of venom (weapon)
 b - a +2 arbalest of flaming
 w - a +3 short sword
 x - a +0 shortbow
Missiles
 p - 4 poisoned darts (quivered)
Armour
 q - a +0 pair of gloves (worn)
 r - a +4 troll leather armour (worn) {Pargi}
Magical Staves
 f - a staff of cold
Jewellery
 h - an amulet of faith (around neck)
 j - a +6 ring of dexterity (left hand)
 s - a +6 ring of dexterity
 t - a ring of see invisible (right hand)
Scrolls
 c - a scroll of fog
 d - 3 scrolls of teleportation
 u - a scroll of enchant armour
 y - a scroll of enchant weapon
 B - a scroll of immolation
 C - a scroll of magic mapping
Potions
 e - a potion of resistance
 g - 3 potions of curing
 i - a potion of degeneration {unknown}
 k - 4 potions of mutation
 l - a potion of magic
 m - a potion of brilliance {unknown}
 n - 5 potions of flight
 v - 3 potions of might
 z - a potion of attraction {unknown}
 A - 2 potions of invisibility


   Skills:
 + Level 5.7 Fighting
 + Level 6.7 Short Blades
 + Level 1.6 Ranged Weapons
 + Level 5.2 Throwing
 + Level 4.2 Armour
 + Level 4.3 Dodging
 + Level 6.8 Stealth
 + Level 2.8 Shields
 + Level 1.7 Spellcasting
 + Level 2.0 Conjurations
 + Level 1.0 Evocations


You had 11 spell levels left.
You knew the following spells:

 Your Spells              Type           Power      Damage    Failure   Level
a - Magic Dart            Conj           16%        1d3       17%         1

Your spell library contained the following spells:

 Spells                   Type           Power      Damage    Failure   Level
 Sandblast                Erth           0%         2d4       36%         1
 Call Imp                 Summ           0%         N/A       50%         2
 Cigotuvi's Dreadful Rot  Necr/Pois/Air  0%         N/A       50%         2
 Passwall                 Tmut/Erth      0%         N/A       50%         2
 Hailstorm                Conj/Ice       2%         3d3       58%         3
 Stone Arrow              Conj/Erth      4%         3d7       58%         3
 Mephitic Cloud           Conj/Pois/Air  2%         N/A       65%         3
 Call Canine Familiar     Summ           0%         N/A       75%         3
 Portal Projectile        Hex/Tloc       0%         N/A       75%         3
 Vhi's Electric Charge    Tloc/Air       0%         N/A       75%         3
 Dispel Undead            Necr           0%         3d6       98%         4
 Ice Form                 Ice/Tmut       0%         N/A       98%         4
 Leda's Liquefaction      Hex/Erth       0%         N/A       98%         4
 Arcjolt                  Conj/Air       1%         1d11      100%        5
 Lee's Rapid Deconstruct  Erth           0%         3d4*      100%        5
 Death Channel            Necr           0%         N/A       100%        6
 Plasma Beam              Fire/Air       0%         2x1d11    100%        6
 Simulacrum               Ice/Necr       0%         N/A       100%        6
 Statue Form              Tmut/Erth      0%         N/A       100%        6


Dungeon Overview and Level Annotations

Branches:
Dungeon (7/15)             Temple (1/1) D:4           Sewer (visited)
Ossuary (visited)

Altars:
Ashenzari
Cheibriados
Fedhas
Gozag
Hepliaklqana
Nemelex Xobeh
Okawaru
Qazlal
Ru
Wu Jian
Yredelemnul

Shops:
D:7 *

Annotations:
D:7 Peloso's ghost, novice MiFi


Innate Abilities, Weirdness & Mutations

You have a pair of small antennae on your head.
You are mostly covered in thin metallic scales. (AC +3)
You are mostly covered in sharp spines.
A meltable shield of frost defends you. (SH +4)
Your skin changes colour to match your surroundings (Stealth+).


Message History

You hit Peloso's ghost.
Peloso's ghost is heavily damaged.
You block Peloso's ghost's attack.
You hit Peloso's ghost but do no damage.
Peloso's ghost is heavily damaged.
You block Peloso's ghost's attack.
You hit Peloso's ghost but do no damage.
Peloso's ghost is heavily damaged.
You hit Peloso's ghost but do no damage.
Peloso's ghost is heavily damaged.
Peloso's ghost is struck by your spines.
Peloso's ghost hits you.
You hit Peloso's ghost but do no damage.
Peloso's ghost is heavily damaged.
Peloso's ghost misses you.
You hit Peloso's ghost.
Peloso's ghost is heavily damaged.
You hit Peloso's ghost but do no damage.
Peloso's ghost is heavily damaged.
Peloso's ghost is struck by your spines.
Peloso's ghost hits you!
* * * LOW HITPOINT WARNING * * *
Casting: Magic Dart (safe; 17% risk of failure)
Confirm with . or Enter, or press ? or * to list all spells.
Aiming: Magic Dart (safe; 17% risk of failure)
Press: ? - help, Shift-Dir - straight line, f/p - Peloso's ghost
Aim: Peloso's ghost (heavily damaged, 100% to hit)
The magic dart hits Peloso's ghost.
Peloso's ghost is heavily damaged.
Peloso's ghost barely misses you.
Casting: Magic Dart (safe; 17% risk of failure)
Confirm with . or Enter, or press ? or * to list all spells.
Aiming: Magic Dart (safe; 17% risk of failure)
Press: ? - help, Shift-Dir - straight line, f/p - Peloso's ghost
Aim: Peloso's ghost (heavily damaged, 100% to hit)
The magic dart hits Peloso's ghost but does no damage.
Peloso's ghost is heavily damaged.
Peloso's ghost hits you!
You die...
Your body glows slightly and disappears.

.#.####.# ###..##### #..##### ...
##.#####........# #..##... ###
##....[..........# #..##.##
#####....######'''#### #..##.##
......#...##♣.......♣# #.......
.####....###⌠.......⌠# ##.....>
.# ###.## #♣.......♣# ####.## .#
#.# #=...W...(# #># .### #.#
##8).@..8## ###.## ...# ##'##
##=♣⌠♣$## #..... .#.###...##
####### #.###. .#.##.....##
###.### #.# #. .#.#.....).##
#.....# #.###.
##..........###.....########.....
............'....................
............###.....########.....
####.......## #.....# #.#...


You could see Peloso's ghost.

Vanquished Creatures
  The ghost of LavenderCorpse the Fighter, a novice VSBe of Trog (D:7)
  Pikel (D:7)
  A water moccasin (D:5)
  2 orc warriors
  A black bear (D:5)
  Pargi (Sewer)
  An ogre (D:5)
  3 centaurs
  3 phantoms
  A kobold brigand (D:7)
  2 bullfrogs
  2 scorpions
  15 wights (D:6)
  5 howler monkeys (D:7)
  4 jellies
  5 hounds
  2 sleepcaps
  6 iguanas
  An orc wizard (D:6)
  14 mummies
  2 adders
  A river rat (D:3)
  A shadow imp (D:5)
  4 white imps (D:5)
  A dart slug (D:1)
  22 orcs
  8 ball pythons
  4 bats
  4 endoplasms
  3 giant cockroaches
  5 goblins
  5 hobgoblins
  9 jackals
  4 quokkas
  8 frilled lizards
  A gnoll skeleton (Ossuary)
  3 goblin skeletons (Ossuary)
  A goblin zombie (D:7)
  6 kobolds
  3 kobold skeletons (Ossuary)
  A kobold zombie (D:7)
  An orc skeleton (Ossuary)
  7 rats
  11 rat skeletons (Ossuary)
186 creatures vanquished.

Notes
Turn   | Place    | Note
-------+----------+-------------------------------------------
     0 | D:1      | CaptainMV the Demonspawn Wanderer began the quest for the
                  | Orb.
     0 | D:1      | CaptainMV set off with the following items: a +3 dagger, 2
                  | curare-tipped darts, a scroll of fog, a scroll of
                  | teleportation, a +0 leather armour.
     0 | D:1      | Reached XP level 1. HP: 16/16 MP: 1/1
    68 | D:1      | Gained mutation: You have a pair of small antennae on your
                  | head. [demonic ancestry]
    68 | D:1      | Reached XP level 2. HP: 19/22 MP: 2/2
   268 | D:1      | Reached skill level 5 in Throwing
   737 | D:2      | Found a faded altar of an unknown god.
   881 | D:2      | Gained mutation: You are partially covered in sharp spines.
                  | [demonic ancestry]
   881 | D:2      | Reached XP level 3. HP: 23/27 MP: 3/3
  1315 | D:3      | Reached skill level 1 in Short Blades
  1327 | D:3      | Learned a level 1 spell: Magic Dart
  1607 | D:3      | Found a glowing drain.
  1617 | D:3      | Gained mutation: A meltable shield of frost defends you.
                  | (SH +4) [demonic ancestry]
  1617 | D:3      | Reached XP level 4. HP: 27/33 MP: 4/4
  1628 | Sewer    | Entered a sewer
  1655 | Sewer    | Noticed Pargi
  1671 | Sewer    | Gained mutation: You have hidden genetic defects. [potion
                  | of mutation]
  1671 | Sewer    | Gained mutation: You are dopey. (Int -2) [potion of
                  | mutation]
  1672 | Sewer    | Killed Pargi
  1673 | Sewer    | Reached skill level 1 in Dodging
  1673 | Sewer    | Gained mutation: You are mostly covered in sharp spines.
                  | [demonic ancestry]
  1673 | Sewer    | Reached XP level 5. HP: 4/39 MP: 0/5
  1673 | Sewer    | Lost mutation: You are dopey. (Int -2) [potion of mutation]
  1673 | Sewer    | Lost mutation: You have hidden genetic defects. [potion of
                  | mutation]
  1673 | Sewer    | Gained mutation: Your skin changes colour to match your
                  | surroundings (Stealth+). [potion of mutation]
  2031 | D:4      | Gained mutation: You are partially covered in thin metallic
                  | scales. (AC +2) [demonic ancestry]
  2031 | D:4      | Reached XP level 6. HP: 21/46 MP: 6/6
  2178 | D:4      | Found a staircase to the Ecumenical Temple.
  2266 | D:4      | Found a hazy altar of Hepliaklqana.
  2368 | D:4      | Reached skill level 1 in Conjurations
  2434 | Temple   | Entered the Ecumenical Temple
  2459 | Temple   | Became a worshipper of Nemelex Xobeh the Trickster
  2477 | D:5      | Entered Level 5 of the Dungeon
  2511 | D:5      | Reached XP level 7. HP: 51/51 MP: 8/8
  2615 | D:5      | Reached skill level 1 in Spellcasting
  2652 | D:5      | Reached skill level 1 in Shields
  3029 | D:5      | Reached XP level 8. HP: 59/59 MP: 8/10
  3061 | D:6      | Found a stormy altar of Qazlal.
  3114 | D:6      | Reached * piety under Nemelex Xobeh
  3253 | D:6      | Reached skill level 5 in Short Blades
  3397 | D:6      | Found an opulent altar of Gozag.
  3424 | D:6      | Gained mutation: You are mostly covered in thin metallic
                  | scales. (AC +3) [demonic ancestry]
  3424 | D:6      | Reached XP level 9. HP: 63/65 MP: 11/11
  3555 | D:6      | Found a blossoming altar of Fedhas.
  3564 | D:6      | Reached skill level 5 in Fighting
  3782 | D:7      | Received a gift from Nemelex Xobeh
  3804 | D:7      | Found a shimmering altar of Xom.
  3804 | D:7      | Found a shimmering altar of Xom.
  3805 | D:7      | Found a shimmering altar of Xom.
  3805 | D:7      | Found a shimmering altar of Xom.
  3805 | D:7      | Found a shimmering altar of Xom.
  3888 | D:7      | Noticed Pikel
  3889 | D:7      | Found a runed translucent gate.
  3889 | D:7      | Found a runed translucent gate.
  3900 | D:7      | Killed Pikel
  3901 | D:7      | Reached skill level 1 in Ranged Weapons
  3901 | D:7      | Reached skill level 5 in Stealth
  3902 | D:7      | Found a runed translucent gate.
  3902 | D:7      | Noticed Peloso's ghost (novice MiFi)
  3909 | D:7      | Noticed LavenderCorpse's ghost (novice VSBe)
  3918 | D:7      | Reached ** piety under Nemelex Xobeh
  3969 | D:7      | Found a sand-covered staircase.
  3974 | Ossuary  | Entered an ossuary
  4322 | D:7      | Found Vour's Fire Supplies.
  4701 | D:7      | Found an ornate altar of the Wu Jian Council.
  4873 | D:7      | Killed LavenderCorpse's ghost
  4874 | D:7      | Reached XP level 10. HP: 33/76 MP: 12/12
  4923 | D:7      | Slain by Peloso's ghost

Illustrated notes

Levels and vault maps discovered:
D:1:      dpeg_arrival_tiny_c, layout_loops_ring, nicolae_figureground_sparkle
D:2:      layout_basic, shapermc_ecumenical_altar_totnotflames
D:3:      layout_basic, tso_metal_star, portal_sewer_entry_b
D:4:      layout_rooms, general_overflow_altar,
          nicolae_hepliaklqana_hippocampus, minmay_temple_entry_large_hall,
          grunt_decor_arrowhead
D:5:      layout_loops_ring, hangedman_abyss_or_decor_stabs,
          kennysheep_opposing_triangles
D:6:      layout_loops_cross, mainiacjoe_overflow_small_starburst,
          lemuel_doored_altar, mainiacjoe_overflow_two_lobes
D:7:      layout_loops_corners, xom_shifter_show, kennysheep_mini,
          nicolae_ossuary_entry_giza, gammafunk_ghost_cemetery,
          minmay_misc_feat_four_crosses, nicolae_shop_fire_sale
          [nicolae_sub_dead_trees], hangedman_decor_points, uniq_pikel
Temple:   hellmonk_temple_two_chambers

Skill      XL: |  1  2  3  4  5  6  7  8  9 |
---------------+----------------------------+-----
Throwing       | 5 |  5.2
Short Blades   | 1 2 3 4 5 6 |  6.7
Dodging        | 1 2 3 4 |  4.3
Armour         | 2 3 4 |  4.2
Stealth        | 2 3 4 6 |  6.8
Conjurations   | 1 2 |  2.0
Fighting       | 3 4 5 |  5.7
Spellcasting   | 1 |  1.7
Shields        | 1 2 |  2.8
Ranged Weapons | 1 |  1.6
Evocations     | |  1.0

Action                     |  1- 3 |  4- 6 |  7- 9 | 10-12 || total
---------------------------+-------+-------+-------+-------++-------
  Melee: Dagger            |   114 |    37 |   273 |    34 ||   458
         Short sword       |    10 |    52 |    14 |       ||    76
         Punch             |     1 |     1 |     8 |     1 ||    11
   Fire: Shortbow          |       |       |    15 |       ||    15
  Throw: Dart              |       |     1 |     1 |       ||     2
   Cast: Magic Dart        |       |    13 |     3 |     2 ||    18
 Invoke: Draw Destruction  |       |       |     1 |     5 ||     6
    Use: Scroll            |     4 |     9 |     9 |       ||    22
         Potion            |       |     2 |       |     3 ||     5
   Stab: Sleeping          |     5 |     4 |    32 |       ||    41
 Armour: Leather armour    |    31 |    10 |       |       ||    41
         Troll leather arm |       |    10 |    45 |     8 ||    63
  Dodge: Dodged            |    68 |    39 |   110 |     9 ||   226
  Block: Other             |       |    21 |    37 |     4 ||    62
